[Event "ICC tourney 2223 (30 10)"]
[Site "Internet Chess Club"]
[Date "2020.12.20"]
[Round "1"]
[White "Chessking2008"]
[Black "Volkov"]
[Result "0-1"]
[ICCResult "White checkmated"]
[WhiteElo "2197"]
[BlackElo "2607"]
[Opening "QGD: semi-Slav"]
[ECO "D31"]
[NIC "SL.06"]
[Time "11:02:47"]
[PlyCount "112"]
[TimeControl "1800+10"]


1. d4 d5 2. c4 e6 3. Nc3 c6 4. cxd5 exd5 5. Nf3 Bf5 6. Bf4 Bd6 7. Bxd6 Qxd6
8. e3 Nd7 9. Bd3 Bxd3 10. Qxd3 Ngf6 11. O-O O-O 12. Rab1 a5 13. a3 Rfe8 14.
Qc2 h6 15. h3 g6 16. b4 b5 17. Nd2 Kg7 18. Rfc1 a4 19. e4 dxe4 20. Ncxe4
Nxe4 21. Nxe4 Qxd4 22. Rd1 Qxe4 23. Qxe4 Rxe4 24. Rxd7 Rae8 25. Rc7 Re1+
26. Rxe1 Rxe1+ 27. Kh2 Rc1 28. Kg3 Rc3+ 29. f3 Rxa3 30. Rxc6 Rb3 31. Ra6
Rxb4 32. Ra5 Rb3 33. Kf4 a3 34. Ke4 b4 35. Kd4 Rb2 36. Kc4 a2 37. g4 b3 38.
Kc3 Rb1 39. Ra3 a1=Q+ 40. Rxa1 Rxa1 41. Kxb3 Rf1 42. h4 Rxf3+ 43. Kc2 Rf4
44. g5 h5 45. Kd3 Rxh4 46. Ke3 Rg4 47. Kf3 Rxg5 48. Kf4 f6 49. Kf3 h4 50.
Ke3 h3 51. Kd3 h2 52. Kc3 h1=Q 53. Kc2 Qh4 54. Kc3 Rg3+ 55. Kd2 Qh2+ 56.
Ke1 Rg1# { White checkmated } 0-1

[Event "ICC tourney 2223 (30 10)"]
[Site "Internet Chess Club"]
[Date "2020.12.20"]
[Round "1"]
[White "mhebden"]
[Black "Drachekokosnuss"]
[Result "1-0"]
[ICCResult "Black resigns"]
[WhiteElo "2503"]
[BlackElo "2100"]
[Opening "Pirc defense"]
[ECO "B07"]
[NIC "PU.07"]
[Time "11:02:19"]
[PlyCount "47"]
[TimeControl "1800+10"]


1. d4 Nf6 2. Nc3 g6 3. e4 d6 4. Bf4 Bg7 5. Qd2 O-O 6. O-O-O Nbd7 7. Nf3 c5
8. Bh6 a6 9. Bxg7 Kxg7 10. e5 Ne8 11. h4 cxd4 12. Qxd4 Qb6 13. e6+ Qxd4 14.
Nxd4 Ne5 15. exf7 Rxf7 16. f3 Nf6 17. Be2 Nh5 18. Rhe1 Nf4 19. Bf1 Ne6 20.
Nd5 Nxd4 21. Rxd4 Bf5 22. Nb6 Rd8 23. Rxe5 dxe5 24. Rxd8 { Black resigns }
1-0

[Event "ICC tourney 2223 (30 10)"]
[Site "Internet Chess Club"]
[Date "2020.12.20"]
[Round "1"]
[White "Openyagami"]
[Black "CoolBoy2020"]
[Result "1-0"]
[ICCResult "Black checkmated"]
[WhiteElo "2604"]
[BlackElo "2185"]
[Opening "King's Indian: 5.Nf3"]
[ECO "E90"]
[NIC "KI.20"]
[Time "11:01:49"]
[PlyCount "61"]
[TimeControl "1800+10"]


1. c4 Nf6 2. Nc3 g6 3. e4 d6 4. d4 Bg7 5. Nf3 O-O 6. h3 e5 7. d5 a5 8. Bg5
h5 9. Be2 Na6 10. Nd2 Nc5 11. g4 hxg4 12. hxg4 Qd7 13. Rg1 c6 14. Qc2 Rb8
15. Nb3 Nxb3 16. axb3 Qc7 17. Qd2 Re8 18. O-O-O Nd7 19. Be3 Bf8 20. Rh1 Nf6
21. Bh6 Qb6 22. Bxf8 Kxf8 23. dxc6 Qxc6 24. Qg5 Ng8 25. Rh8 Qb6 26. Nd5 Kg7
27. Rdh1 Re6 28. R1h7+ Kf8 29. Rxg8+ Kxg8 30. Qh6 f5 31. Qg7# { Black
checkmated } 1-0

[Event "ICC tourney 2223 (30 10)"]
[Site "Internet Chess Club"]
[Date "2020.12.20"]
[Round "1"]
[White "Aleksandrov73"]
[Black "Terry1234"]
[Result "1-0"]
[ICCResult "Black resigns"]
[WhiteElo "2658"]
[BlackElo "2285"]
[Opening "King's Indian: Makagonov system (5.h3)"]
[ECO "E71"]
[NIC "KI.30"]
[Time "11:01:35"]
[PlyCount "79"]
[TimeControl "1800+10"]


1. d4 Nf6 2. c4 g6 3. Nc3 Bg7 4. e4 d6 5. h3 O-O 6. Be3 c5 7. dxc5 Qa5 8.
Bd3 dxc5 9. e5 Nfd7 10. f4 Nc6 11. Nf3 Nd4 12. O-O Rd8 13. Nd5 e6 14. Bd2
Qa6 15. Nc7 Qc6 16. Nxa8 b6 17. Nxd4 cxd4 18. Nxb6 axb6 19. b4 f6 20. exf6
Nxf6 21. Qf3 Qxf3 22. Rxf3 Bb7 23. Rf2 Ne4 24. Re2 Nxd2 25. Rxd2 Bh6 26.
Re2 Kf7 27. a4 Ke7 28. Rae1 Bc8 29. g3 Kd6 30. Ra2 g5 31. fxg5 Bxg5 32. a5
bxa5 33. Rxa5 Be3+ 34. Kh2 Bb7 35. Ra7 Bc6 36. Ra6 Kc7 37. Rf1 e5 38. Rf7+
Rd7 39. Ra7+ Kd6 40. c5+ { Black resigns } 1-0

[Event "ICC tourney 2223 (30 10)"]
[Site "Internet Chess Club"]
[Date "2020.12.20"]
[Round "1"]
[White "manest"]
[Black "eigenator"]
[Result "1-0"]
[ICCResult "Black resigns"]
[WhiteElo "2709"]
[BlackElo "2376"]
[Opening "Trompowsky attack (Ruth, Opocenský opening)"]
[ECO "A45"]
[NIC "QP.07"]
[Time "11:01:42"]
[PlyCount "137"]
[TimeControl "1800+10"]


1. d4 Nf6 2. Bg5 Ne4 3. Bf4 d5 4. e3 e6 5. Bd3 Bd6 6. Nf3 Bxf4 7. exf4 Qd6
8. Qc1 c5 9. c3 Nc6 10. O-O Bd7 11. Qe3 cxd4 12. Nxd4 Nxd4 13. cxd4 O-O 14.
f3 Nf6 15. Nc3 b5 16. Rae1 b4 17. Ne2 Qb6 18. Rf2 Bb5 19. Bb1 Bxe2 20.
Rfxe2 g6 21. g4 Rfe8 22. Qf2 Qc7 23. Qe3 Qb6 24. Kg2 Rac8 25. Bd3 a5 26. h4
h5 27. Kh3 a4 28. Rg1 Qd6 29. Qe5 Qxe5 30. dxe5 hxg4+ 31. fxg4 Nd7 32. Bb5
Red8 33. Bxa4 Ra8 34. Bxd7 Rxd7 35. b3 Rc7 36. Rd1 Rc3+ 37. Kg2 Rac8 38.
Rd4 Rc2 39. Rxc2 Rxc2+ 40. Kf3 Rxa2 41. Rxb4 Rb2 42. h5 Kg7 43. hxg6 Kxg6
44. Rb6 Kg7 45. f5 exf5 46. gxf5 Rb1 47. Ke3 Rf1 48. Kd4 Rd1+ 49. Kc5 d4
50. Kc4 d3 51. Kc3 d2 52. e6 fxe6 53. fxe6 Kf6 54. Kc2 Rh1 55. Kxd2 Rh3 56.
Kc2 Ke7 57. Kb2 Rg3 58. Rc6 Rg2+ 59. Ka3 Rg3 60. Ka4 Rg1 61. b4 Ra1+ 62.
Kb5 Rb1 63. Ka5 Ra1+ 64. Kb6 Rb1 65. b5 Rb2 66. Ka6 Ra2+ 67. Kb7 Rb2 68. b6
Rb1 69. Kc7 { Black resigns } 1-0

[Event "ICC tourney 2223 (30 10)"]
[Site "Internet Chess Club"]
[Date "2020.12.20"]
[Round "1"]
[White "MrNormalName"]
[Black "TjkTiger"]
[Result "0-1"]
[ICCResult "White resigns"]
[WhiteElo "2181"]
[BlackElo "2602"]
[Opening "Old Indian defense"]
[ECO "A42"]
[NIC "OI.07"]
[Time "11:04:41"]
[PlyCount "80"]
[TimeControl "1800+10"]


1. d4 d6 2. c4 e5 3. d5 Nd7 4. e4 Nc5 5. Nc3 a5 6. Bd3 Be7 7. Nf3 Nf6 8.
O-O O-O 9. Ne1 Nfd7 10. Rb1 Bg5 11. b3 Nb6 12. Ba3 Na6 13. Be2 Nd7 14. Nd3
b6 15. Bc1 Ndc5 16. a3 f5 17. exf5 Bxf5 18. Rb2 Nxd3 19. Bxg5 Nxb2 20. Qc1
Qe8 21. Qxb2 Qg6 22. Qd2 Nc5 23. h4 h6 24. Be7 Bh3 25. g3 Bxf1 26. Bxf1 Rf7
27. h5 Qf5 28. Bh4 Raf8 29. b4 axb4 30. axb4 Nb3 31. Qa2 Nc1 32. Qd2 Qxf2+
33. Qxf2 Rxf2 34. Bh3 Ne2+ 35. Nxe2 Rxe2 36. Be6+ Kh8 37. g4 Ra8 38. Kf1
Rc2 39. Bf5 Ra1+ 40. Be1 Rcc1 { White resigns } 0-1

[Event "ICC tourney 2223 (30 10)"]
[Site "Internet Chess Club"]
[Date "2020.12.20"]
[Round "1"]
[White "VolcanoExplorer"]
[Black "KRASAVCHIK"]
[Result "0-1"]
[ICCResult "White resigns"]
[WhiteElo "2368"]
[BlackElo "2648"]
[Opening "Giuoco Piano"]
[ECO "C50"]
[NIC "IG.02"]
[Time "11:01:49"]
[PlyCount "62"]
[TimeControl "1800+10"]


1. e4 e5 2. Nf3 Nc6 3. Bc4 Bc5 4. O-O d6 5. c3 Nf6 6. d3 h6 7. Re1 O-O 8.
Nbd2 a6 9. Bb3 Be6 10. Nf1 Re8 11. Ng3 d5 12. exd5 Bxd5 13. Bc2 Ng4 14. d4
exd4 15. Rxe8+ Qxe8 16. Nxd4 Nf6 17. Bf4 Ne5 18. Nh5 Neg4 19. Bxc7 Nxh5 20.
Qxg4 Nf6 21. Qf4 Bxd4 22. Qxd4 Bxg2 23. Be5 Rd8 24. Qf4 Nh5 25. Qe3 Bc6 26.
Rd1 Rd7 27. Re1 Re7 28. Bd1 f6 29. Qh3 Qg6+ 30. Qg4 Qxg4+ 31. Bxg4 Nf4 {
White resigns } 0-1

[Event "ICC tourney 2223 (30 10)"]
[Site "Internet Chess Club"]
[Date "2020.12.20"]
[Round "2"]
[White "KRASAVCHIK"]
[Black "Openyagami"]
[Result "1/2-1/2"]
[ICCResult "Game drawn by mutual agreement"]
[WhiteElo "2648"]
[BlackElo "2604"]
[Opening "Sicilian: closed, 2...Nc6"]
[ECO "B23"]
[NIC "SI.44"]
[Time "13:01:18"]
[PlyCount "33"]
[TimeControl "1800+10"]


1. e4 c5 2. Nc3 Nc6 3. Bb5 Nd4 4. Nf3 e6 5. O-O Ne7 6. Nxd4 cxd4 7. Ne2 a6
8. Bd3 Nc6 9. c3 Bc5 10. b4 Ba7 11. Bb2 dxc3 12. dxc3 O-O 13. a3 d6 14. c4
e5 15. Kh1 Be6 16. f4 Bg4 17. Qd2 { Game drawn by mutual agreement }
1/2-1/2

[Event "ICC tourney 2223 (30 10)"]
[Site "Internet Chess Club"]
[Date "2020.12.20"]
[Round "2"]
[White "eigenator"]
[Black "mikolka1985"]
[Result "1-0"]
[ICCResult "Black resigns"]
[WhiteElo "2376"]
[BlackElo "2545"]
[Opening "Giuoco Piano"]
[ECO "C54"]
[NIC "IG.02"]
[Time "13:01:14"]
[PlyCount "55"]
[TimeControl "1800+10"]


1. e4 e5 2. Nf3 Nc6 3. Bc4 Bc5 4. c3 Nf6 5. d3 d6 6. O-O a6 7. a4 O-O 8. h3
h6 9. Re1 Re8 10. Nbd2 Be6 11. Bxe6 Rxe6 12. Nf1 d5 13. Qc2 Ba7 14. Be3
Bxe3 15. Nxe3 Qd7 16. b4 d4 17. Nc4 Rd8 18. b5 Na7 19. Ncxe5 Qe8 20. cxd4
axb5 21. Qxc7 bxa4 22. Qxb7 Ra8 23. Rxa4 Re7 24. Qa6 Rb8 25. Rea1 Nb5 26.
Nc6 Re6 27. d5 Rd6 28. Rb4 { Black resigns } 1-0

[Event "ICC tourney 2223 (30 10)"]
[Site "Internet Chess Club"]
[Date "2020.12.20"]
[Round "2"]
[White "Terry1234"]
[Black "Chessking2008"]
[Result "1/2-1/2"]
[ICCResult "Game drawn by mutual agreement"]
[WhiteElo "2285"]
[BlackElo "2197"]
[Opening "King's Indian: orthodox, Aronin-Taimanov, 9.Ne1"]
[ECO "E98"]
[NIC "KI.03"]
[Time "13:01:25"]
[PlyCount "54"]
[TimeControl "1800+10"]


1. d4 Nf6 2. c4 g6 3. Nc3 Bg7 4. e4 d6 5. Nf3 O-O 6. Be2 e5 7. O-O Nc6 8.
d5 Ne7 9. Ne1 Nd7 10. Be3 f5 11. f3 f4 12. Bf2 g5 13. Rc1 Ng6 14. c5 Nxc5
15. b4 Na6 16. Nd3 Rf7 17. Nb5 b6 18. Be1 h5 19. Nf2 Bh6 20. Bd2 Kh7 21. a3
Rg7 22. Rc3 Nh4 23. h3 Bd7 24. Qc2 Bxb5 25. Bxb5 Nb8 26. Rc1 a6 27. Be2 Ra7
{ Game drawn by mutual agreement } 1/2-1/2

[Event "ICC tourney 2223 (30 10)"]
[Site "Internet Chess Club"]
[Date "2020.12.20"]
[Round "2"]
[White "Alacritous"]
[Black "Aleksandrov73"]
[Result "0-1"]
[ICCResult "White resigns"]
[WhiteElo "2240"]
[BlackElo "2658"]
[Opening "Réti: King's Indian attack, Spassky's variation"]
[ECO "A05"]
[NIC "QP.11"]
[Time "13:01:22"]
[PlyCount "56"]
[TimeControl "1800+10"]


1. Nf3 Nf6 2. g3 b5 3. Bg2 Bb7 4. O-O e6 5. d3 Be7 6. e4 d6 7. Re1 O-O 8.
Nbd2 c5 9. c3 Nc6 10. h3 Nd7 11. d4 cxd4 12. cxd4 a5 13. Qe2 Qb6 14. a3
Nxd4 15. Nxd4 Qxd4 16. Qxb5 Nc5 17. Nf3 Qd3 18. Qxd3 Nxd3 19. Re3 Nxc1 20.
Rxc1 Rfc8 21. Rec3 Rxc3 22. Rxc3 Bxe4 23. Rc7 Bf6 24. b4 axb4 25. axb4 g5
26. Nxg5 Ra1+ 27. Kh2 Bxg2 28. Ne4 Bxe4 { White resigns } 0-1

[Event "ICC tourney 2223 (30 10)"]
[Site "Internet Chess Club"]
[Date "2020.12.20"]
[Round "2"]
[White "TjkTiger"]
[Black "manest"]
[Result "1-0"]
[ICCResult "Black resigns"]
[WhiteElo "2602"]
[BlackElo "2709"]
[Opening "English opening"]
[ECO "A13"]
[NIC "EO.64"]
[Time "13:01:36"]
[PlyCount "79"]
[TimeControl "1800+10"]


1. c4 e6 2. Nc3 Bb4 3. Qb3 Nc6 4. Nf3 Nf6 5. a3 Bxc3 6. Qxc3 d5 7. e3 O-O
8. b4 a5 9. b5 Ne7 10. Bb2 b6 11. cxd5 Nexd5 12. Qc2 Bb7 13. Rc1 Rc8 14.
Ne5 Ne7 15. Nc6 Bxc6 16. bxc6 Qd5 17. Qc4 Rcd8 18. Qxd5 Rxd5 19. a4 Rc5 20.
Rxc5 bxc5 21. Bb5 Ne4 22. Ke2 Rb8 23. Rc1 Nc8 24. Be5 Ned6 25. Rxc5 f6 26.
Bxd6 Nxd6 27. Bd3 Ra8 28. f4 Kf7 29. e4 Nc8 30. Ke3 Ke7 31. Bc2 h6 32. d4
Kd6 33. h4 Ra6 34. Bd3 Ra8 35. Bc4 Nb6 36. Bb3 Ke7 37. g4 Kd6 38. Kd3 Rf8
39. Rxa5 Kxc6 40. Bxe6 { Black resigns } 1-0

[Event "ICC tourney 2223 (30 10)"]
[Site "Internet Chess Club"]
[Date "2020.12.20"]
[Round "2"]
[White "CoolBoy2020"]
[Black "VolcanoExplorer"]
[Result "0-1"]
[ICCResult "White checkmated"]
[WhiteElo "2185"]
[BlackElo "2368"]
[Opening "Ruy Lopez: Marshall, main line, 14...Qh3"]
[ECO "C89"]
[NIC "RL.17"]
[Time "13:01:17"]
[PlyCount "94"]
[TimeControl "1800+10"]


1. e4 e5 2. Nf3 Nc6 3. Bb5 a6 4. Ba4 Nf6 5. O-O Be7 6. Re1 b5 7. Bb3 O-O 8.
c3 d5 9. exd5 Nxd5 10. Nxe5 Nxe5 11. Rxe5 c6 12. d4 Bd6 13. Re1 Qh4 14. g3
Qh3 15. Qf3 Bg4 16. Qg2 Qh5 17. Be3 Ra7 18. Nd2 Re7 19. c4 bxc4 20. Bxc4
Rfe8 21. Bxd5 cxd5 22. a3 Qf5 23. Rac1 Re6 24. Rc3 h5 25. h4 a5 26. Kh2 g5
27. hxg5 h4 28. f4 hxg3+ 29. Qxg3 Rxe3 30. Rexe3 Rxe3 31. Rxe3 Bxf4 32. Re5
Bxg3+ 33. Kxg3 Qd3+ 34. Kxg4 Qxd2 35. b4 axb4 36. axb4 Qxd4+ 37. Kf5 Qd3+
38. Kf6 Qg6+ 39. Ke7 d4 40. b5 d3 41. b6 Qxb6 42. Kd7 d2 43. Re8+ Kg7 44.
Ke7 Qe6+ 45. Kd8 d1=Q+ 46. Kc7 Qdd7+ 47. Kb8 Qexe8# { White checkmated }
0-1

[Event "ICC tourney 2223 (30 10)"]
[Site "Internet Chess Club"]
[Date "2020.12.20"]
[Round "2"]
[White "Volkov"]
[Black "mhebden"]
[Result "1-0"]
[ICCResult "Black resigns"]
[WhiteElo "2607"]
[BlackElo "2503"]
[Opening "King's Indian: Gligoric-Taimanov system"]
[ECO "E92"]
[NIC "KI.18"]
[Time "13:01:13"]
[PlyCount "142"]
[TimeControl "1800+10"]


1. d4 Nf6 2. c4 g6 3. Nc3 Bg7 4. e4 d6 5. Nf3 O-O 6. Be2 e5 7. Be3 exd4 8.
Nxd4 Re8 9. f3 Nc6 10. Qd2 Nh5 11. O-O Nf4 12. Rfd1 Nxd4 13. Bxd4 Bxd4+ 14.
Qxd4 Nxe2+ 15. Nxe2 b6 16. Nf4 Bb7 17. Rac1 Qg5 18. Qd2 Rac8 19. Nd5 Qxd2
20. Nf6+ Kh8 21. Rxd2 Re6 22. Nd5 a5 23. Kf2 Kg7 24. g4 Re5 25. h4 f6 26.
Nf4 Rce8 27. Rg1 Kf7 28. h5 g5 29. Ne2 Bc8 30. Nc3 Bd7 31. Nd5 Rc8 32. b3
Be6 33. Nc3 Bd7 34. Rc1 Bc6 35. Rdc2 Ke7 36. a3 Kd7 37. Nd5 Re6 38. Ne3
Ree8 39. Nf5 Ra8 40. Rd2 Kc8 41. Nd4 Bd7 42. Nc2 Be6 43. Ne3 Kb7 44. Rb2
Kc6 45. Ke2 Kd7 46. Kd3 Reb8 47. Rbc2 Rb7 48. Rd2 Rf8 49. Kc2 Ra7 50. Kb2
Rb8 51. Rf2 Ke7 52. f4 gxf4 53. Rxf4 Rf8 54. Nd5+ Bxd5 55. exd5 Raa8 56.
Re1+ Kd7 57. Re6 Rae8 58. Rfxf6 Rxf6 59. Rxf6 Re2+ 60. Kc3 Rg2 61. Rf7+ Kc8
62. Rg7 h6 63. a4 Rg3+ 64. Kc2 Kb7 65. Rg6 Ka7 66. Kd2 Ka6 67. Ke2 Rxb3 68.
Rxh6 Rb4 69. Rh8 Rxc4 70. h6 Kb7 71. h7 Re4+ { Black resigns } 1-0

[Event "ICC tourney 2223 (30 10)"]
[Site "Internet Chess Club"]
[Date "2020.12.20"]
[Round "2"]
[White "Drachekokosnuss"]
[Black "MrNormalName"]
[Result "0-1"]
[ICCResult "White resigns"]
[WhiteElo "2100"]
[BlackElo "2181"]
[Opening "Ruy Lopez: Berlin defense, open variation"]
[ECO "C67"]
[NIC "RL.07"]
[Time "13:02:30"]
[PlyCount "82"]
[TimeControl "1800+10"]


1. e4 e5 2. Nf3 Nc6 3. Bb5 Nf6 4. O-O Nxe4 5. d4 Nd6 6. Bxc6 dxc6 7. dxe5
Nf5 8. Qxd8+ Kxd8 9. Nc3 Be7 10. Bg5 Bxg5 11. Nxg5 Ke7 12. Rad1 Nh4 13. g3
Ng6 14. f4 Bf5 15. Rd2 Rad8 16. Rff2 Rxd2 17. Rxd2 Nf8 18. Kg2 Ne6 19. Nxe6
Bxe6 20. h3 h5 21. Ne4 Bd5 22. Kf3 f5 23. exf6+ gxf6 24. Ke3 Rg8 25. Rd3
Be6 26. h4 Bf5 27. Ra3 Kf7 28. Kf3 Re8 29. Nf2 a6 30. Rb3 b6 31. Rc3 c5 32.
g4 hxg4+ 33. Nxg4 Be4+ 34. Kf2 Rh8 35. Kg3 Rg8 36. Kh3 Bg2+ 37. Kxg2 Rxg4+
38. Kf3 Rxh4 39. Kg3 Rh1 40. Rd3 Rb1 41. Rd7+ Kg6 { White resigns } 0-1

[Event "ICC tourney 2223 (30 10)"]
[Site "Internet Chess Club"]
[Date "2020.12.20"]
[Round "3"]
[White "mikolka1985"]
[Black "Terry1234"]
[Result "1-0"]
[ICCResult "Black resigns"]
[WhiteElo "2545"]
[BlackElo "2285"]
[Opening "King's Indian: Four pawns attack"]
[ECO "E76"]
[NIC "KI.31"]
[Time "15:01:35"]
[PlyCount "55"]
[TimeControl "1800+10"]


1. d4 Nf6 2. c4 g6 3. Nc3 Bg7 4. e4 d6 5. f4 O-O 6. Nf3 c5 7. dxc5 dxc5 8.
Qxd8 Rxd8 9. e5 Nfd7 10. Be3 Nc6 11. O-O-O b6 12. Bd3 Bb7 13. Be4 Na5 14.
Bxb7 Nxb7 15. Nd5 Kf8 16. e6 Nf6 17. Ng5 Nxd5 18. cxd5 f6 19. Nf7 Rdc8 20.
g4 Nd6 21. Nxd6 exd6 22. h4 c4 23. Kc2 b5 24. h5 f5 25. hxg6 hxg6 26. gxf5
gxf5 27. Rdg1 Rc7 28. Rh5 { Black resigns } 1-0

[Event "ICC tourney 2223 (30 10)"]
[Site "Internet Chess Club"]
[Date "2020.12.20"]
[Round "3"]
[White "manest"]
[Black "Alacritous"]
[Result "1-0"]
[ICCResult "Black resigns"]
[WhiteElo "2709"]
[BlackElo "2240"]
[Opening "Nimzovich-Larsen attack: classical variation"]
[ECO "A01"]
[NIC "VO.08"]
[Time "15:01:39"]
[PlyCount "117"]
[TimeControl "1800+10"]


1. b3 d5 2. Bb2 Nf6 3. Nf3 e6 4. e3 Be7 5. c4 O-O 6. Nc3 c5 7. cxd5 Nxd5 8.
Qb1 b6 9. Nxd5 Qxd5 10. Bd3 f5 11. e4 Qd6 12. exf5 exf5 13. O-O Ba6 14.
Bxf5 Bxf1 15. Bxh7+ Kh8 16. Kxf1 Nc6 17. Qe4 Rf4 18. Qg6 Qxg6 19. Bxg6 Bf6
20. Bc3 Nd4 21. Bxd4 Bxd4 22. Re1 Bf6 23. Re6 Rd8 24. Be4 Kg8 25. d3 Bd4
26. Nxd4 cxd4 27. Rc6 Rf6 28. Rc7 Rf7 29. Rc4 Kf8 30. h4 Ke7 31. g3 Ke6 32.
f4 Rff8 33. a4 Rc8 34. Rxd4 Rc2 35. Bf3 Ke7 36. Rc4 Rb2 37. Rc7+ Kd6 38.
Rc6+ Kd7 39. Rc3 Rf7 40. d4 Kd6 41. Rc6+ Kd7 42. d5 Rxb3 43. Bg4+ Kd8 44.
d6 Rd7 45. Bxd7 Kxd7 46. Rc7+ Kxd6 47. Rxg7 Ra3 48. h5 Ke6 49. h6 Kf6 50.
g4 Rxa4 51. g5+ Kf5 52. h7 Rxf4+ 53. Ke2 Re4+ 54. Kd3 Rh4 55. g6 Rh3+ 56.
Kd4 Rh4+ 57. Kd5 Kf6 58. Rg8 Rh5+ 59. Kd6 { Black resigns } 1-0

[Event "ICC tourney 2223 (30 10)"]
[Site "Internet Chess Club"]
[Date "2020.12.20"]
[Round "3"]
[White "Chessking2008"]
[Black "CoolBoy2020"]
[Result "1-0"]
[ICCResult "Black checkmated"]
[WhiteElo "2197"]
[BlackElo "2185"]
[Opening "King's Indian: orthodox, Aronin-Taimanov, bayonet attack"]
[ECO "E97"]
[NIC "KI.05"]
[Time "15:01:41"]
[PlyCount "105"]
[TimeControl "1800+10"]


1. d4 Nf6 2. c4 g6 3. Nc3 Bg7 4. e4 d6 5. Nf3 O-O 6. Be2 e5 7. O-O Nc6 8.
d5 Ne7 9. b4 Ne8 10. Re1 h6 11. c5 f5 12. Nd2 a5 13. cxd6 cxd6 14. bxa5
Qxa5 15. Qb3 Qc5 16. Nc4 Ra6 17. Be3 Qc7 18. f3 Nf6 19. Nb6 Ra5 20. Qb4 f4
21. Bf2 Ra6 22. Bxa6 bxa6 23. Rac1 Qb8 24. Qa3 g5 25. Nxc8 Rxc8 26. Qxa6
Qb2 27. Qb5 Qa3 28. Qb3 Qa5 29. Qa4 Ra8 30. Qxa5 Rxa5 31. a4 Nd7 32. Nb5
Bf8 33. Rc7 Nf6 34. Ra7 Rxa7 35. Bxa7 Nc8 36. Bf2 Nd7 37. a5 Be7 38. a6
Ncb6 39. Bxb6 Nxb6 40. Rc1 Kf7 41. Rc7 Ke8 42. Rb7 Nc8 43. Nc7+ Kd8 44.
Ne6+ Ke8 45. Rc7 Nb6 46. a7 Bd8 47. Rb7 g4 48. Nxd8 Kxd8 49. Rxb6 Kc7 50.
Rb1 g3 51. a8=Q gxh2+ 52. Kxh2 h5 53. Rb7# { Black checkmated } 1-0

[Event "ICC tourney 2223 (30 10)"]
[Site "Internet Chess Club"]
[Date "2020.12.20"]
[Round "3"]
[White "mhebden"]
[Black "VolcanoExplorer"]
[Result "0-1"]
[ICCResult "White resigns"]
[WhiteElo "2503"]
[BlackElo "2368"]
[Opening "Queen's pawn game"]
[ECO "D00"]
[NIC "QP.07"]
[Time "15:01:41"]
[PlyCount "106"]
[TimeControl "1800+10"]


1. d4 Nf6 2. Nc3 d5 3. Bf4 a6 4. e3 g6 5. h3 Bg7 6. Nf3 O-O 7. Be2 c5 8.
O-O cxd4 9. exd4 Nc6 10. Ne5 Qb6 11. Nxc6 Qxc6 12. a4 Bf5 13. a5 Rac8 14.
Re1 Rfd8 15. g4 Be6 16. Bd3 Ne4 17. Ne2 f6 18. c3 Bf7 19. Qc1 e5 20. Bh6
Bxh6 21. Qxh6 Ng5 22. Kg2 e4 23. Bc2 Nf3 24. Qe3 Nxe1+ 25. Rxe1 Qb5 26. b4
Kg7 27. Rc1 Rc7 28. g5 fxg5 29. Qxg5 Rdc8 30. Bd1 Qd7 31. Ng3 Be6 32. Nh5+
Kf7 33. Nf6 Qe7 34. Nxh7 Rxc3 35. Rxc3 Rxc3 36. Qf4+ Kg7 37. Ng5 Qf6 38.
Qh4 Bxh3+ 39. Kh2 Bc8 40. Qh7+ Kf8 41. Qh6+ Kg8 42. Qh7+ Kf8 43. Qh6+ Ke7
44. Qh7+ Kd6 45. Nf7+ Kc7 46. Kg2 Kb8 47. Ne5 Qg5+ 48. Kf1 Bh3+ 49. Ke1
Qg1+ 50. Kd2 Ra3 51. Qh8+ Ka7 52. Qf6 e3+ 53. Kc1 Rc3+ { White resigns }
0-1

[Event "ICC tourney 2223 (30 10)"]
[Site "Internet Chess Club"]
[Date "2020.12.20"]
[Round "3"]
[White "MrNormalName"]
[Black "eigenator"]
[Result "0-1"]
[ICCResult "White checkmated"]
[WhiteElo "2181"]
[BlackElo "2376"]
[Opening "QGD semi-Slav: Stoltz variation"]
[ECO "D45"]
[NIC "SL.08"]
[Time "15:07:58"]
[PlyCount "92"]
[TimeControl "1800+10"]


1. d4 d5 2. c4 c6 3. Nc3 Nf6 4. e3 e6 5. Nf3 Nbd7 6. Qc2 Be7 7. Bd3 dxc4 8.
Bxc4 b5 9. Bd3 Bb7 10. e4 b4 11. e5 bxc3 12. exf6 Nxf6 13. bxc3 c5 14. Qa4+
Kf8 15. Be2 Ne4 16. Qc2 cxd4 17. cxd4 Qa5+ 18. Kf1 Rc8 19. Qd3 f6 20. g3
Qf5 21. Kg2 g5 22. h3 Nc3 23. Bd2 Be4 24. Qa6 Rc6 25. Qxc6 Bxc6 26. Bxc3
Qc2 27. Rhe1 Qxc3 28. Rac1 Bxf3+ 29. Bxf3 Qxd4 30. Rxe6 Bc5 31. Rc2 Kf7 32.
Rc6 Bb6 33. R6c4 Qd6 34. Rc6 Qd4 35. R6c4 Qd8 36. Rc1 Kg7 37. Rd1 Qe7 38.
Re4 Qc5 39. Rd7+ Kh6 40. Re2 Re8 41. Red2 Re1 42. Bd1 Rxd1 43. Rxd1 Qxf2+
44. Kh1 Qxg3 45. R7d3 Be3 46. R1d2 Qg1# { White checkmated } 0-1

[Event "ICC tourney 2223 (30 10)"]
[Site "Internet Chess Club"]
[Date "2020.12.20"]
[Round "3"]
[White "Openyagami"]
[Black "TjkTiger"]
[Result "1-0"]
[ICCResult "Black resigns"]
[WhiteElo "2604"]
[BlackElo "2602"]
[Opening "Grünfeld: Grünfeld gambit, Capablanca variation"]
[ECO "D83"]
[NIC "GI.03"]
[Time "15:02:28"]
[PlyCount "143"]
[TimeControl "1800+10"]


1. d4 Nf6 2. c4 g6 3. Nc3 d5 4. Bf4 Bg7 5. e3 O-O 6. Rc1 Be6 7. cxd5 Nxd5
8. Nxd5 Qxd5 9. a3 Qa2 10. Qd2 Rc8 11. Ne2 c5 12. Nc3 Qb3 13. d5 Bxc3 14.
Rxc3 Qxd5 15. Rd3 Qc6 16. Rd8+ Kg7 17. h4 Nd7 18. Rxc8 Rxc8 19. h5 Nf6 20.
hxg6 hxg6 21. f3 Qd5 22. Qc1 Rh8 23. e4 Qc6 24. Rxh8 Kxh8 25. Be5 Kg8 26.
Qh6 Qa4 27. Be2 Bc4 28. Bd1 Bb3 29. Be2 Bc4 30. Bxc4 Qxc4 31. Bc3 Qd3 32.
Qf4 Qb1+ 33. Kf2 Qc2+ 34. Kg1 Qd1+ 35. Kh2 Qd8 36. Qe5 b6 37. g4 Kh7 38.
Kg2 Qe8 39. a4 Qd8 40. a5 bxa5 41. Qxc5 a6 42. Qc4 Kg8 43. Qxa6 Qd1 44.
Qc8+ Kh7 45. Qc4 Kg8 46. Bxa5 e5 47. Bc3 Qc2+ 48. Kg3 Qc1 49. Qc5 Nxe4+ 50.
fxe4 Qf4+ 51. Kh3 Qf3+ 52. Kh2 Qf4+ 53. Kg1 Qxg4+ 54. Kf1 Qf3+ 55. Qf2 Qh1+
56. Ke2 Qxe4+ 57. Kd2 Qd5+ 58. Kc1 Qh1+ 59. Qe1 Qxe1+ 60. Bxe1 Kf8 61. Bh4
f5 62. Bf6 e4 63. Bg5 Kf7 64. Kd2 Ke6 65. Bf4 Kd5 66. Kc3 e3 67. Bxe3 Ke4
68. Bg1 g5 69. b4 f4 70. b5 Kd5 71. b6 Kc6 72. Kd3 { Black resigns } 1-0

[Event "ICC tourney 2223 (30 10)"]
[Site "Internet Chess Club"]
[Date "2020.12.20"]
[Round "4"]
[White "mikolka1985"]
[Black "Chessking2008"]
[Result "1-0"]
[ICCResult "Black resigns"]
[WhiteElo "2545"]
[BlackElo "2197"]
[Opening "Benoni: fianchetto variation"]
[ECO "A62"]
[NIC "BI.24"]
[Time "17:01:24"]
[PlyCount "99"]
[TimeControl "1800+10"]


1. d4 Nf6 2. c4 e6 3. Nf3 c5 4. d5 exd5 5. cxd5 d6 6. Nc3 g6 7. g3 Bg7 8.
Bg2 O-O 9. O-O Bg4 10. Nd2 Re8 11. h3 Bd7 12. Nc4 Qc7 13. Bf4 Bf8 14. a4
Na6 15. e4 Nh5 16. Be3 Nb4 17. Qd2 a6 18. e5 dxe5 19. d6 Qd8 20. Bxc5 Nc6
21. Nd5 Nf6 22. Nc7 Be6 23. Nxe8 Nxe8 24. Nb6 Rb8 25. Rfd1 Bb3 26. Rdc1
Nxd6 27. a5 Qc7 28. Bd5 Bxd5 29. Nxd5 Qd8 30. Bb6 Qc8 31. Bc7 Qxh3 32. Rxc6
bxc6 33. Nf6+ Kg7 34. Bxb8 Qe6 35. Bxd6 Bxd6 36. Qxd6 Kxf6 37. Qxe6+ Kxe6
38. Rc1 Kd5 39. b4 f5 40. Kf1 h5 41. Ke2 g5 42. Rc5+ Kd6 43. Ke3 h4 44.
gxh4 gxh4 45. Kf3 e4+ 46. Kf4 h3 47. Rxf5 h2 48. Rh5 h1=Q 49. Rxh1 Kd5 50.
Rc1 { Black resigns } 1-0